 Dungeon Crawl Stone Soup version 0.31-a0-836-g3ceb0a68c4 (webtiles) character file.

Game seed: 13216328847375465430

130 mcwallace the Shooter (level 5, -2/32 HPs)
             Began as a Kobold Hunter on Sept 27, 2023.
             Slain by a shadow imp (3 damage)
             ... summoned by Eustachio
             ... on level 4 of the Dungeon.
             The game lasted 00:03:38 (2650 turns).

mcwallace the Shooter (Kobold Hunter)               Turns: 2650, Time: 00:03:39

Health: -2/32      AC:  3    Str:  8    XL:     5   Next: 36%
Magic:  5/5        EV: 15    Int: 11    God:
Gold:   114        SH:  0    Dex: 20    Spells: 4/4 levels left

rFire   . . .        a - +0 shortbow {bow}
rCold   . . .        (shield currently unavailable)
rNeg    . . .        c - +0 leather armour
rPois   .            (no helmet)
rElec   .            (no cloak)
rCorr   .            (no gloves)
SInv    .            (no boots)
Will    .....        (no amulet)
Stlth   ++++         n - ring of wizardry
HPRegen 0.25/turn    (no ring)
MPRegen 0.09/turn

%: wizardry (x1)
@: no status effects
A: small, no large weapons, nightstalker 3
a: no special abilities


You were on level 4 of the Dungeon.
You visited 1 branch of the dungeon, and saw 4 of its levels.

You collected 114 gold pieces.


Innate Abilities, Weirdness & Mutations

You are small and have problems with some larger weapons.
You are completely attuned to the shadows.


   Skills:
 + Level 3.3 Fighting
 + Level 6.2 Ranged Weapons
 + Level 3.7 Dodging
 + Level 3.5 Stealth


You had 4 spell levels left.
You didn't know any spells.
Your spell library contained the following spells:

 Spells                   Type           Power      Damage    Failure   Level
 Ensorcelled Hibernation  Hex/Ice        0%         N/A       30%         2
 Passwall                 Tmut/Erth      0%         N/A       30%         2
 Ozocubu's Armour         Ice            0%         N/A       50%         3
 Swiftness                Air            0%         N/A       50%         3
 Ozocubu's Refrigeration  Ice            0%         4d7       100%        7

Inventory:

Hand Weapons
 a - a +0 shortbow (weapon) {bow}
 D - a +0 vampiric dagger {short}
   (You took it off a goblin on level 3 of the Dungeon)
Missiles
 e - 23 stones {throwing}
 p - 6 poisoned darts {throwing}
Armour
 c - a +0 leather armour (worn)
 f - a +0 robe
   (You found it on level 1 of the Dungeon)
 g - a +0 ring mail
   (You found it on level 1 of the Dungeon)
 o - a +0 leather armour
   (You found it on level 2 of the Dungeon)
 s - a +0 ring mail
   (You took it off an orc on level 3 of the Dungeon)
 t - a +0 scale mail
   (You took it off an orc on level 3 of the Dungeon)
 x - a +0 leather armour
   (You found it on level 3 of the Dungeon)
 A - a +0 ring mail
   (You took it off an orc on level 3 of the Dungeon)
 E - a +0 leather armour
   (You took it off an orc on level 4 of the Dungeon)
 F - a +0 leather armour
   (You took it off an orc on level 4 of the Dungeon)
 G - a +0 leather armour
   (You took it off an orc on level 4 of the Dungeon)
 H - a +0 chain mail
   (You took it off an orc on level 4 of the Dungeon)
Jewellery
 n - a ring of wizardry (left hand)
   (You found it on level 2 of the Dungeon)
Talismans
 r - a beast talisman
   (You found it on level 2 of the Dungeon)
Wands
 v - a wand of mindburst (9)
   (You found it on level 3 of the Dungeon)
 B - a wand of paralysis (10)
   (You found it on level 3 of the Dungeon)
Scrolls
 b - a scroll of butterflies
 d - a scroll of vulnerability {unknown}
 h - 4 scrolls of identify {unknown}
 j - a scroll of revelation {unknown}
 k - 2 scrolls of enchant weapon {unknown}
 u - a scroll of amnesia {unknown}
 y - a scroll of silence {unknown}
 C - a scroll of poison {unknown}
Potions
 i - 2 potions of heal wounds {unknown}
 l - a potion of degeneration {unknown}
 m - 2 potions of haste {unknown}
 q - 3 potions of might {unknown}
 w - a potion of lignification {unknown}
 z - a potion of enlightenment {unknown}

Dungeon Overview and Level Annotations

Branches:
Dungeon (4/15) Zot: 21311
 Temple: D:4-7

Altars:
Elyvilon

Shops:
D:3 [

Annotations:
D:4 Eustachio

#### .# .....#.#
#.......# #....55.##+
#....@@.... #....5.....
#..........
###############......
#.............#.#+##.
#.###########.#.....
#.#.......###)#.....
#.#.##........#.........#
#.#.##.......##..........


You could see Eustachio and 3 shadow imps.


Message History

You shoot an arrow. The arrow hits the orc.
You shoot an arrow. The arrow hits the orc.
The orc closely misses you.
You shoot an arrow. The arrow hits the orc.
You kill the orc!
No target in view!
No target in view!
No target in view!
No target in view!
H - a +0 chain mail
Things that are here:
a +0 club {mace}; an orc corpse
Things that are here:
a +0 club {mace}; an orc corpse Eustachio the Magnificent comes into view.
He is wielding a +0 falchion.
Eustachio shouts!
You shoot an arrow. The arrow hits Eustachio!
You shoot an arrow.
The arrow hits Eustachio but does no damage.
Eustachio barely misses you.
You shoot an arrow. The arrow hits Eustachio.
Eustachio closely misses you.
Aiming: Mindburst
Press: ? - help, Q - select action, (/) - cycle Shift-Dir - straight line, f/p - Eustachio
Aim: Eustachio, wielding a +0 falchion and wearing a +0 leather armour (moderately wounded, chance to affect: 64%) Eustachio struggles to resist.
Eustachio gestures wildly while chanting.
You shoot an arrow. The arrow barely misses Eustachio.
Eustachio misses you.
You shoot an arrow. The arrow misses Eustachio.
The arrow barely misses the shadow imp.
Eustachio completely misses you.
You shoot an arrow. The arrow barely misses Eustachio.
Eustachio barely misses you. The shadow imp barely misses you.
You shoot an arrow. The arrow misses Eustachio.
Eustachio barely misses you. The shadow imp hits you. 😕 HP[-2]
You take 2 damage, and now have 30/32 hp.
You shoot an arrow. The arrow hits Eustachio!
Eustachio casts a spell.
Eustachio blinks!
The shadow imp misses you.
Fire: a) +0 shortbow {bow}
Press: ? - help, Q - select action, (/) - cycle Shift-Dir - straight line, f/p - Eustachio
Aim: Eustachio, wielding a +0 falchion and wearing a +0 leather armour (heavily wounded, 57% to hit)
You shoot an arrow.
The arrow closely misses the shadow imp.
The arrow closely misses Eustachio.
The shadow imp misses you.
Eustachio casts a spell.
The shadow imp barely misses you. 😕 HP[+1] Fire: a) +0 shortbow {bow}
Press: ? - help, Q - select action, (/) - cycle Shift-Dir - straight line, f/p - Eustachio
Aim: Eustachio, wielding a +0 falchion and wearing a +0 leather armour (heavily wounded, 57% to hit)
You shoot an arrow.
The arrow hits the shadow imp but does no damage.
The shadow imp hits you. 😕 HP[-2]
You take 2 damage, and now have 29/32 hp.
Fire: a) +0 shortbow {bow}
Press: ? - help, Q - select action, (/) - cycle Shift-Dir - straight line, f/p - Eustachio
Aim: Eustachio, wielding a +0 falchion and wearing a +0 leather armour (heavily wounded, 57% to hit)
You shoot an arrow.
The arrow closely misses the shadow imp.
The arrow closely misses Eustachio.
The shadow imp hits you. 😕 HP[-2]
You take 2 damage, and now have 27/32 hp.
Fire: a) +0 shortbow {bow}
Press: ? - help, Q - select action, (/) - cycle Shift-Dir - straight line, f/p - Eustachio
Aim: Eustachio, wielding a +0 falchion and wearing a +0 leather armour (heavily wounded, 57% to hit)
You shoot an arrow. The arrow hits Eustachio.
Eustachio mumbles some strange words.
The shadow imp shouts, "Get thee hence, thou droning toad-spotted nothing!"
The shadow imp closely misses you. x2 😕 HP[+1] Fire: a) +0 shortbow {bow}
Press: ? - help, Q - select action, (/) - cycle Shift-Dir - straight line, f/p - Eustachio
Aim: Eustachio, wielding a +0 falchion and wearing a +0 leather armour (severely wounded, 57% to hit)
You shoot an arrow.
The arrow hits Eustachio but does no damage.
Eustachio closely misses you. The shadow imp barely misses you.
The shadow imp closely misses you.
Fire: a) +0 shortbow {bow}
Press: ? - help, Q - select action, (/) - cycle Shift-Dir - straight line, f/p - Eustachio
Aim: Eustachio, wielding a +0 falchion and wearing a +0 leather armour (severely wounded, 57% to hit)
You shoot an arrow. The arrow closely misses Eustachio.
Eustachio hits you with a +0 falchion! The shadow imp closely misses you.
The shadow imp hits you.
The shadow imp hits you but does no damage.
Eustachio hits you with a +0 falchion.
* * * LOW HITPOINT WARNING * * *
😨 HP[-16]
You take 16 damage, and now have 12/32 hp.
MASSIVE DAMAGE!! (PAUSE)
Aiming: Mindburst
Press: ? - help, Q - select action, (/) - cycle Shift-Dir - straight line, f/p - Eustachio
Aim: Eustachio, wielding a +0 falchion and wearing a +0 leather armour (severely wounded, chance to affect: 64%) Eustachio's mind is blasted!
The shadow imp gestures at you. Pain shoots through your body!
* * * LOW HITPOINT WARNING * * *
The shadow imp barely misses you. The shadow imp hits you.
You die...

Skill      XL: |  1  2  3  4 |
---------------+-------------+-----
Stealth        | 2 3 |  3.5
Dodging        | 3 |  3.7
Fighting       | 3 |  3.3
Ranged Weapons | 6 |  6.2

Action                     |  1- 3 |  4- 6 || total
---------------------------+-------+-------++-------
   Fire: Shortbow          |    91 |   126 ||   217
  Evoke: Wand              |       |     2 ||     2
 Armour: Leather armour    |    13 |    34 ||    47
  Dodge: Dodged            |    31 |    59 ||    90

Levels and vault maps discovered:
D:1:      sevenhm_arrival_forest_fort_small_5, layout_rooms
D:2:      layout_basic, shapermc_ecumenical_altar_venn
D:3:      layout_loops_cross, elyvilon_altar_3, serial_shops, shop,
          minmay_misc_feat_enclosed, nicolae_concentric_dashed_squares_wild
D:4:      kennysheep_six_static_rooms, layout_basic, uniq_eustachio

Notes
Turn   | Place    | Note
-------+----------+-------------------------------------------
     0 | D:1      | mcwallace the Kobold Hunter began the quest for the Orb.
     0 | D:1      | Reached XP level 1. HP: 12/12 MP: 1/1
     0 | D:1      | magus.rc [v1.9.6]
   168 | D:1      | Reached XP level 2. HP: 18/18 MP: 2/2
   194 | D:1      | Reached skill level 2 in Stealth
   373 | D:1      | Reached XP level 3. HP: 22/22 MP: 3/3
   432 | D:1      | Reached skill level 3 in Dodging
   976 | D:2      | Found a faded altar of an unknown god.
   978 | D:2      | You pick up a book of Burglary and begin reading...
   978 | D:2      | You add the spells Passwall, Ensorcelled Hibernation and
                  | Swiftness to your library.
  1027 | D:2      | Reached XP level 4. HP: 27/27 MP: 4/4
  1379 | D:2      | Reached skill level 3 in Fighting
  1606 | D:3      | Reached skill level 3 in Stealth
  1705 | D:3      | Reached skill level 6 in Ranged Weapons
  1752 | D:3      | Found Nyshri's Armour Shoppe.
  1941 | D:3      | Found a white marble altar of Elyvilon.
  1955 | D:3      | You add the spells Ozocubu's Armour and Ozocubu's
                  | Refrigeration to your library.
  2099 | D:3      | Reached XP level 5. HP: 17/32 MP: 5/5
  2205 | D:3      | HP: 5/32 [gnoll/+0 spear (9)]
  2634 | D:4      | Noticed Eustachio
  2650 | D:4      | HP: 1/32 [shadow imp/nerve-wracking pain[Eustachio] (11)]
  2650 | D:4      | Slain by a shadow imp

Vanquished Creatures
  2 gnolls (D:3)
  An adder (D:3)
  3 worms (D:2)
  3 dart slugs
  12 orcs
  5 endoplasms
  4 giant cockroaches
  6 hobgoblins
  3 jackals (D:1)
  6 kobolds
  3 quokkas
  2 ball pythons (D:1)
  6 bats
  5 frilled lizards
  5 goblins
  6 rats
72 creatures vanquished.

Table legend:
 A = Non-vault XP
 B = Vault XP
 C = Vault XP percentage of total XP
 D = Non-vault monster count
 E = Vault monster count
 F = Vault count percentage of total count
                 A         B        C        D         E       F
            +---------+---------+-------+---------+---------+-------
      Total |     186 |       0 |   0.0 |      72 |       0 |   0.0
            +---------+---------+-------+---------+---------+-------
        D:1 |      48 |       0 |   0.0 |      29 |       0 |   0.0
        D:2 |      39 |       0 |   0.0 |      17 |       0 |   0.0
        D:3 |      81 |       0 |   0.0 |      19 |       0 |   0.0
        D:4 |      18 |       0 |   0.0 |       7 |       0 |   0.0
            +---------+---------+-------+---------+---------+-------

Skill      XL: |  1  2  3  4 |
---------------+-------------+-----
Stealth        | 2 3 |  3.5
Dodging        | 3 |  3.7
Fighting       | 3 |  3.3
Ranged Weapons | 6 |  6.2

Action                     |  1- 3 |  4- 6 || total
---------------------------+-------+-------++-------
   Fire: Shortbow          |    91 |   126 ||   217
  Evoke: Wand              |       |     2 ||     2
 Armour: Leather armour    |    13 |    34 ||    47
  Dodge: Dodged            |    31 |    59 ||    90

Illustrated notes

Table legend:
 A = Kills in this place as a percentage of kills in the entire game.
 B = Kills by you in this place as a percentage of kills by you in the entire game.
 C = Kills by friends in this place as a percentage of kills by friends in the entire game.
 D = Other kills in this place as a percentage of other kills in the entire game.
 E = Experience gained in this place as a percentage of experience gained in the entire game.
 F = Experience gained in this place divided by the number of levels of this place that you have seen.
                   A       B       C       D       E      F
               +-------+-------+-------+-------+-------+----------------------
         Total | 100.0 | 100.0 |   N/A |   N/A | 100.0 |  46.5
       Dungeon | 100.0 | 100.0 |   N/A |   N/A | 100.0 |  46.5
               +-------+-------+-------+-------+-------+----------------------

Table legend: (Time is in decaauts)
 A = Elapsed time spent in this place.
 B = Non-inter-level travel time spent in this place.
 C = Inter-level travel time spent in this place.
 D = Time resting spent in this place.
 E = Time spent auto-exploring this place.
 F = Levels seen in this place.
 G = Mean time per level.
                   A        B        C        D        E       F      G
               +--------+--------+--------+--------+--------+-----+--------+
         Total |   2687 |   2637 |     50 |    206 |   2024 |   4 |  671.8 |
       Dungeon |   2687 |   2637 |     50 |    206 |   2024 |   4 |  671.8 |
               +--------+--------+--------+--------+--------+-----+--------+

Top non-repeatable levels by time:
     D:2: 836 daAuts
     D:1: 752 daAuts
     D:3: 650 daAuts
     D:4: 448 daAuts
